 Dungeon Crawl Stone Soup version 0.29-a0-330-g52719c12eb (webtiles) character file.

Game seed: 5327766771119168490

902 jmlagarto the Stinger (level 7, -3/46 HPs)
             Began as a Demonspawn Venom Mage on Apr 22, 2022.
             Was a Believer of Nemelex Xobeh.
             Slain by a wyvern (18 damage)
             ... on level 5 of the Dungeon on Apr 25, 2022.
             The game lasted 00:14:15 (6193 turns).

jmlagarto the Stinger (Demonspawn Venom Mage)       Turns: 6193, Time: 00:14:16

Health: -3/46      AC:  5    Str:  9    XL:     7   Next: 80%
Magic:  5/13       EV: 13    Int: 18    God:    Nemelex Xobeh [**....]
Gold:   267        SH:  0    Dex: 13    Spells: 7/14 levels left

rFire   . . .      SeeInvis .   g - staff of poison
rCold   . . .      Faith    .   (no shield)
rNeg    + . .      Spirit   .   a - +0 robe
rPois   +          Reflect  .   x - +0 helmet
rElec   .          Harm     .   (no cloak)
rCorr   .          Rampage  .   (no gloves)
Will    .....                   (no boots)
Stlth   ++........              (no amulet)
HPRegen 0.15/turn               n - ring of positive energy
MPRegen 0.26/turn               (no ring)

@: no status effects
A: yellow scales 1, spiny 1, magic regeneration
a: Renounce Religion, Draw Escape, Draw Destruction, Draw Summoning


You were on level 5 of the Dungeon.
You worshipped Nemelex Xobeh.
Nemelex Xobeh was pleased with you.
You visited 1 branch of the dungeon, and saw 5 of its levels.

You collected 267 gold pieces.

Inventory:

Hand Weapons
 e - a +2 spear of venom
 f - a +1 dire flail of protection
 s - a +3 vorpal dire flail
Missiles
 u - 11 poisoned darts
 y - 10 atropa-tipped darts
 B - a throwing net
Armour
 a - a +0 robe (worn)
 i - a +0 plate armour
 x - a +0 helmet (worn)
Magical Staves
 g - a staff of poison (weapon)
Jewellery
 n - a ring of positive energy (left hand)
Wands
 k - a wand of flame (13)
 l - a wand of mindburst (13)
Scrolls
 d - 3 scrolls of enchant weapon
 h - 2 scrolls of identify
 j - 2 scrolls of noise
 m - 2 scrolls of amnesia
 o - a scroll of torment {unknown}
 p - a scroll of fog {unknown}
 q - a scroll of vulnerability {unknown}
 t - a scroll of teleportation
 v - 3 scrolls of fear {unknown}
 z - a scroll of blinking {unknown}
 A - a scroll of magic mapping {unknown}
Potions
 b - a potion of magic
 c - 3 potions of flight
 r - a potion of attraction {unknown}
 w - a potion of haste {unknown}


   Skills:
 + Level 4.2 Dodging
 - Level 1.7 Stealth
 + Level 4.3 Spellcasting
 + Level 3.9 Transmutations
 + Level 5.2 Poison Magic
 + Level 1.8 Evocations


You had 7 spell levels left.
You knew the following spells:

 Your Spells              Type           Power      Damage    Failure   Level
a - Sting                 Tmut/Pois      100%       1d8       2%          1
b - Poisonous Vapours     Pois/Air       38%        N/A       8%          2
c - Olgreb's Toxic Radia  Pois           34%        N/A       17%         4

Your spell library contained the following spells:

 Spells                   Type           Power      Damage    Failure   Level
 Magic Dart               Conj           12%        1d3       14%         1
 Searing Ray              Conj           6%         2d4       22%         2
 Mephitic Cloud           Conj/Pois/Air  15%        N/A       22%         3
 Fulminant Prism          Conj/Hex       1%         3d6       80%         4


Dungeon Overview and Level Annotations

Branches:
Dungeon (5/15)
 Temple: D:4-7

Altars:
Nemelex Xobeh


Innate Abilities, Weirdness & Mutations

You are partially covered in yellow scales. (AC +2)
You are partially covered in sharp spines.
You regenerate magic rapidly.


Message History

The wyvern looks even sicker.
The wyvern bites you!
Casting: Poisonous Vapours (safe; 8% risk of failure)
Confirm with . or Enter, or press ? or * to list all spells.
Aiming: Sting (safe; 2% risk of failure)
Press: ? - help, Shift-Dir - straight line, f/p - wyvern
Aim: a wyvern (lightly wounded, very poisoned, 78% to hit)
You feel a surge of power!
The sting hits the wyvern.
The wyvern looks as sick as possible!
The wyvern is lightly wounded.
The wyvern is struck by your spines. The wyvern bites you!
The wyvern attacks as you move away! The wyvern bites you!
The wyvern barely misses you.
Casting: Sting (safe; 2% risk of failure)
Confirm with . or Enter, or press ? or * to list all spells.
Aiming: Sting (safe; 2% risk of failure)
Press: ? - help, Shift-Dir - straight line, f/p - wyvern
Aim: a wyvern (moderately wounded, extremely poisoned, 78% to hit)
You feel a surge of power!
The sting misses the wyvern.
The wyvern closely misses you.
Casting: Sting (safe; 2% risk of failure)
Confirm with . or Enter, or press ? or * to list all spells.
Aiming: Sting (safe; 2% risk of failure)
Press: ? - help, Shift-Dir - straight line, f/p - wyvern
Aim: a wyvern (moderately wounded, extremely poisoned, 78% to hit)
You feel a surge of power!
The sting hits the wyvern.
The wyvern looks as sick as possible!
The wyvern is moderately wounded.
The wyvern misses you. The wyvern is struck by your spines.
The wyvern misses you.
Casting: Sting (safe; 2% risk of failure)
Confirm with . or Enter, or press ? or * to list all spells.
Aiming: Sting (safe; 2% risk of failure)
Press: ? - help, Shift-Dir - straight line, f/p - wyvern
Aim: a wyvern (severely wounded, extremely poisoned, 78% to hit)
You feel a surge of power!
The sting hits the wyvern.
The wyvern looks as sick as possible!
The wyvern is almost dead.
The wyvern bites you!!
You die...
Your body glows slightly and disappears.

#. ..s.. #.. ... ### ..
... ....... .... .....
..... #.#. #.#.# ...#
#.#. #####...# #..# #
#.#. ......#.# ###..##.#
#.#. #...###.....#.# #.#.
#...#.l@........# #.#.
#.# #.###.....#######.#.
.#.#.#.####..##[.........
...........†.##......>..#
.#.###.##.....#......>..#
...##.>.............#
######.....#.........#
#.....#.......... .#
#.....#####.#####


You could see a wyvern (extremely poisoned).

Vanquished Creatures
  Sigmund (D:5)
  Eustachio (D:5)
  A scorpion (D:5)
  A gnoll shaman (D:5)
  An orc priest (D:3)
  A hound (D:4)
  2 orc wizards
  Robin (D:4)
  5 adders
  8 gnolls
  2 white imps (D:5)
  A dart slug (D:1)
  10 orcs
  8 endoplasms
  3 giant cockroaches
  9 goblins
  11 hobgoblins
  7 jackals
  5 kobolds
  5 quokkas
  8 ball pythons
  3 bats
  9 rats
103 creatures vanquished.

Vanquished Creatures (collateral kills)
  Edmund (D:4)
  An orc wizard (D:4)
  An orc (D:4)
3 creatures vanquished.

Grand Total: 106 creatures vanquished

Notes
Turn   | Place    | Note
-------+----------+-------------------------------------------
     0 | D:1      | jmlagarto the Demonspawn Venom Mage began the quest for the
                  | Orb.
     0 | D:1      | Reached XP level 1. HP: 13/13 MP: 3/3
   279 | D:1      | Reached skill level 1 in Transmutations
   517 | D:1      | Gained mutation: You are partially covered in sharp spines.
                  | [demonic ancestry]
   517 | D:1      | Reached XP level 2. HP: 17/19 MP: 1/5
  1605 | D:2      | Gained mutation: You are partially covered in yellow
                  | scales. (AC +2) [demonic ancestry]
  1605 | D:2      | Reached XP level 3. HP: 24/24 MP: 4/6
  1608 | D:2      | Learned a level 2 spell: Poisonous Vapours
  2370 | D:3      | Reached XP level 4. HP: 22/30 MP: 3/8
  3129 | D:3      | Found a faded altar of an unknown god.
  3130 | D:3      | Noticed a great orb of eyes
  3133 | D:3      | Noticed a golden eye
  3153 | D:3      | Noticed an eye of devastation
  3153 | D:3      | Noticed a floating eye
  3177 | D:3      | Prayed at the altar of an unknown god.
  3177 | D:3      | Became a worshipper of Nemelex Xobeh the Trickster
  3177 | D:3      | Reached * piety under Nemelex Xobeh
  3177 | D:3      | Received a gift from Nemelex Xobeh
  3225 | D:3      | Reached XP level 5. HP: 35/35 MP: 7/9
  3494 | D:4      | Noticed Edmund
  3523 | D:4      | Killed Edmund
  3524 | D:4      | Reached skill level 4 in Poison Magic
  3524 | D:4      | Reached XP level 6. HP: 33/41 MP: 8/10
  3826 | D:4      | Noticed Robin
  3843 | D:4      | HP: 1/41 [Robin/puff of flame (8)]
  3845 | D:4      | Killed Robin
  4918 | D:4      | Learned a level 4 spell: Olgreb's Toxic Radiance
  4922 | D:5      | Entered Level 5 of the Dungeon
  4922 | D:5      | Reached ** piety under Nemelex Xobeh
  4924 | D:5      | Identified a scroll of acquirement
  4924 | D:5      | Acquired a staff of poison
  5783 | D:5      | Noticed Eustachio
  5807 | D:5      | Killed Eustachio
  5808 | D:5      | Reached skill level 1 in Evocations
  5808 | D:5      | Gained mutation: You regenerate magic rapidly. [demonic
                  | ancestry]
  5808 | D:5      | Reached XP level 7. HP: 46/46 MP: 1/13
  5950 | D:5      | Received a gift from Nemelex Xobeh
  5953 | D:5      | Noticed Sigmund
  5965 | D:5      | Killed Sigmund
  5966 | D:5      | Reached skill level 5 in Poison Magic
  6184 | D:5      | Noticed a wyvern
  6193 | D:5      | Slain by a wyvern

Illustrated notes

Levels and vault maps discovered:
D:1:      nzn_arrival_depleted_hourglass, layout_rooms
D:2:      layout_basic
D:3:      layout_basic, hellmonk_ecumenical_altar_watching_god
D:4:      layout_gridville, portal_sewer_entry_f, uniq_edmund, uniq_robin
D:5:      layout_basic, nicolae_ossuary_entry_giza, uniq_duvessa, uniq_ijyb,
          uniq_sigmund, uniq_eustachio

Skill      XL: |  1  2  3  4  5  6  7 |
---------------+----------------------+-----
Transmutations | 1 2 3 |  3.9
Dodging        | 2 3 4 |  4.2
Spellcasting   | 3 4 |  4.3
Poison Magic   | 4 5 |  5.2
Evocations     | 1 |  1.8
Stealth        | |  1.7

Action                   |  1- 3 |  4- 6 |  7- 9 || total
-------------------------+-------+-------+-------++-------
Melee: Spear             |    10 |    37 |       ||    47
       Unarmed           |     5 |       |       ||     5
       Punch             |       |     3 |       ||     3
       Staff             |       |    12 |     1 ||    13
Throw: Dart              |       |     8 |       ||     8
 Cast: Sting             |    64 |    88 |     7 ||   159
       Poisonous Vapours |       |    12 |    17 ||    29
       Olgreb's Toxic Ra |       |     1 |     1 ||     2
Invok: Draw Summoning    |       |     1 |       ||     1
       Draw Destruction  |       |       |     1 ||     1
Evoke: Wand              |       |       |     2 ||     2
  Use: Scroll            |       |     6 |       ||     6
       Potion            |       |     2 |       ||     2
 Stab: Sleeping          |     1 |       |       ||     1
Armor: Robe              |     6 |    18 |       ||    24
Dodge: Dodged            |    12 |    67 |     4 ||    83

Table legend: (Time is in decaauts)
 A = Elapsed time spent in this place.
 B = Non-inter-level travel time spent in this place.
 C = Inter-level travel time spent in this place.
 D = Time resting spent in this place.
 E = Time spent auto-exploring this place.
 F = Levels seen in this place.
 G = Mean time per level.
                   A        B        C        D        E       F      G
               +--------+--------+--------+--------+--------+-----+--------+
         Total |   6204 |   5977 |    227 |    736 |   4496 |   5 | 1240.8 |
       Dungeon |   6204 |   5977 |    227 |    736 |   4496 |   5 | 1240.8 |
               +--------+--------+--------+--------+--------+-----+--------+

Top non-repeatable levels by time:
     D:4: 2101 daAuts
     D:3: 1211 daAuts
     D:1: 1169 daAuts
     D:2: 1021 daAuts
     D:5: 700 daAuts
